 Dungeon Crawl Stone Soup version 0.22.0-49-gab54619674 (webtiles) character file.

423 Darkell the Chiller (level 6, -14/41 HPs)
             Began as a Demonspawn Ice Elementalist on Sept 9, 2018.
             Demolished by an ogre
             ... wielding a +0 giant spiked club
              (28 damage)
             ... on level 5 of the Dungeon.
             The game lasted 00:05:30 (3316 turns).

Darkell the Chiller (Demonspawn Ice Elementalist)   Turns: 3316, Time: 00:05:30

Health: -14/41     AC:  7    Str: 10    XL:     6   Next: 63%
Magic:  6/9        EV: 15    Int: 17    God:
Gold:   352        SH:  0    Dex: 13    Spells: 4/9 levels left

rFire    . . .     SeeInvis .   j - +0 scimitar
rCold    . . .     Gourm    .   (no shield)
rNeg     . . .     Faith    .   a - +0 robe
rPois    .         Spirit   .   (no helmet)
rElec    .         Reflect  .   (no cloak)
rCorr    .         Harm     .   (no gloves)
MR       .....                  t - +1 pair of boots
Stlth    ++........             (no amulet)
HPRegen  0.13/turn              f - +3 ring of evasion
MPRegen  0.11/turn              u - ring of wizardry

@: berserk cooldown, slowed, very slow
A: thin metallic scales 2, powered by death 1
a: no special abilities


You were on level 5 of the Dungeon.
You were not hungry.

You visited 1 branch of the dungeon, and saw 5 of its levels.
You also visited: Sewer.

You collected 352 gold pieces.

Inventory:

Hand Weapons
 j - a +0 scimitar (weapon)
Armour
 a - a +0 robe (worn)
 t - a +1 pair of boots (worn)
Jewellery
 f - a +3 ring of evasion (left hand)
 u - a ring of wizardry (right hand)
Wands
 h - a wand of acid (8)
Scrolls
 b - 5 scrolls of identify {unknown}
 e - a scroll of noise {unknown}
 g - 2 scrolls of enchant armour
 i - 2 scrolls of remove curse
 p - 2 scrolls of random uselessness {unknown}
 s - 2 scrolls of amnesia
Potions
 d - a potion of berserk rage
 l - a potion of resistance {unknown}
 m - a potion of lignification {unknown}
 n - a potion of haste {unknown}
 o - a potion of flight {unknown}
 q - a potion of invisibility {unknown}
 r - 2 potions of degeneration {unknown}
 v - a potion of mutation {unknown}
Comestibles
 c - 5 rations
 w - 2 chunks of flesh


   Skills:
 + Level 1.8 Dodging
 - Level 1.7 Stealth
 - Level 2.0 Spellcasting
 + Level 1.1 Conjurations
 - Level 6.9 Ice Magic


You had 4 spell levels left.
You knew the following spells:

 Your Spells              Type           Power        Failure   Level  Hunger
a - Freeze                Ice            ####         1%          1    #......
b - Throw Icicle          Conj/Ice       ###.....     16%         4    #####..

Your spell library contained the following spells:

 Spells                   Type           Power        Failure   Level  Hunger
 Throw Frost              Conj/Ice       ###...       2%          2    ###....
 Ozocubu's Armour         Chrm/Ice       ##......     6%          3    ###....
 Summon Ice Beast         Ice/Summ       ##......     19%         4    #####..


Dungeon Overview and Level Annotations

Branches:
Dungeon (5/15)
 Temple: D:4-7

Altars:
Fedhas
Ru

Annotations:
D:5 Grinder


Innate Abilities, Weirdness & Mutations

You are mostly covered in thin metallic scales. (AC +3)
You regenerate a little health from kills.


Message History

The ogre is heavily wounded.
The ogre hits you with a giant spiked club!
Casting: Freeze (safe; 1% risk of failure)
Confirm with . or Enter, or press ? or * to list all spells.
Aiming: Freeze (safe; 1% risk of failure)
Press: ? - help, Shift-Dir - straight line, f/p - ogre
Aim: an ogre, wielding a giant spiked club (heavily wounded)
You freeze the ogre.
The ogre is almost dead.
The ogre misses you.
Casting: Freeze (safe; 1% risk of failure)
Confirm with . or Enter, or press ? or * to list all spells.
Aiming: Freeze (safe; 1% risk of failure)
Press: ? - help, Shift-Dir - straight line, f/p - ogre
Aim: an ogre, wielding a giant spiked club (almost dead)
You freeze the ogre.
The ogre is almost dead.
The ogre hits you with a giant spiked club!!
Ouch! That really hurt!
You die...

####### #.....#
#.###.#
#.###.#####
########.##....>.#
#.5......##......#
#.#########.......
#@# #....... #O#
#######<#. #†#
##....##... #..
#.......### #..#
#..##.#<... #...
#..#.### ##..#
....... ..#
.###.#.#. #.# #
#.#.#.#


You could see Grinder and an ogre.

Vanquished Creatures
  Purgy (Sewer)
  3 orc wizards
  An orc priest (D:3)
  A hound (D:4)
  Terence (D:2)
  A worker ant (D:4)
  Robin (D:2)
  5 adders
  2 worms (D:4)
  4 dart slugs
  4 leopard geckos
  3 orcs
  2 giant cockroaches
  7 hobgoblins
  2 quokkas (D:4)
  A ball python (D:4)
  10 bats
  5 frilled lizards
  10 goblins
  5 kobolds
  9 rats
  A fungus (D:4)
79 creatures vanquished.

Notes
Turn   | Place    | Note
-------+----------+-------------------------------------------
     0 | D:1      | Darkell the Demonspawn Ice Elementalist began the quest for
                  | the Orb.
     0 | D:1      | Reached XP level 1. HP: 13/13 MP: 3/3
   122 | D:1      | Reached skill level 3 in Ice Magic
   307 | D:1      | Gained mutation: You are partially covered in thin metallic
                  | scales. (AC +2) [demonic ancestry]
   307 | D:1      | Reached XP level 2. HP: 16/19 MP: 3/5
   999 | D:2      | Gained mutation: You regenerate a little health from kills.
                  | [demonic ancestry]
   999 | D:2      | Reached XP level 3. HP: 24/24 MP: 0/6
  1115 | D:2      | Noticed Terence
  1132 | D:2      | Killed Terence
  1132 | D:2      | Reached skill level 4 in Ice Magic
  1266 | D:2      | Reached XP level 4. HP: 30/30 MP: 5/7
  1406 | D:2      | Noticed Robin
  1412 | D:2      | Killed Robin
  1826 | D:3      | Reached skill level 5 in Ice Magic
  2096 | D:3      | Reached XP level 5. HP: 35/35 MP: 4/8
  2228 | D:3      | Found a blossoming altar of Fedhas.
  2422 | D:4      | Reached skill level 6 in Ice Magic
  2519 | D:4      | Found a glowing drain.
  2523 | Sewer    | Entered a sewer
  2695 | Sewer    | Noticed Purgy
  2725 | Sewer    | Killed Purgy
  2725 | Sewer    | Gained mutation: You are mostly covered in thin metallic
                  | scales. (AC +3) [demonic ancestry]
  2725 | Sewer    | Reached XP level 6. HP: 41/41 MP: 3/9
  3177 | D:4      | Learned a level 4 spell: Throw Icicle
  3243 | D:4      | Found a sacrificial altar of Ru.
  3266 | D:5      | Entered Level 5 of the Dungeon
  3293 | D:5      | Noticed Grinder
  3316 | D:5      | Demolished by an ogre

Skill      XL: |  1  2  3  4  5 |
---------------+----------------+-----
Ice Magic      | 3 4 5 6 |  6.9
Dodging        | |  1.8
Stealth        | |  1.7
Spellcasting   | |  2.0
Conjurations   | |  1.1

Action                   |  1- 3 |  4- 6 || total
-------------------------+-------+-------++-------
Melee: Unarmed           |    29 |    37 ||    66
       Scimitar          |       |    29 ||    29
 Cast: Freeze            |    52 |    89 ||   141
  Use: Scroll            |       |     8 ||     8
       Potion            |       |     3 ||     3
 Stab: Sleeping          |     2 |     2 ||     4
  Eat: Chunk             |     2 |     8 ||    10
Armor: Robe              |    14 |    49 ||    63
Dodge: Dodged            |    42 |   119 ||   161
       Rpst.: Scimitar   |       |     7 ||     7
